MLB
LOS ANGELES DODGERS @ COLORADO ROCKIES
08/27/2047
 
TOP OF THE 1ST
Los Angeles Dodgers batting - Pitching for Colorado Rockies : RHP Colin Lancey Jr.
Pitching: RHP Colin Lancey Jr.
Batting: RHB Clay Buchanan 0-0: Swinging Strike
0-1: SOLO HOME RUN (Line Drive, 7D, EV 113.8 MPH), Distance : 426 ft
Batting: LHB R.J. O'Brien 0-0: Ball
1-0: Called Strike
1-1: Called Strike
1-2: Strikes out swinging
Batting: SHB Shane Marcum 0-0: SOLO HOME RUN (Line Drive, 9D, EV 97.5 MPH), Distance : 374 ft
Batting: LHB Lirak Bazhunaishvili 0-0: Fly out, F7 (Flyball, 7, EV 86.2 MPH)
Batting: SHB Joel Baker 0-0: Swinging Strike
0-1: Ground out 4-3 (Groundball, 4, EV 83.1 MPH)
Top of the 1st over - 2 runs, 2 hits, 0 errors, 0 left on base; Los Angeles 2 - Colorado 0
BOTTOM OF THE 1ST
Colorado Rockies batting - Pitching for Los Angeles Dodgers : RHP Chut-sai Teoh
Pitching: RHP Chut-sai Teoh
Batting: LHB Freddy Troncoso 0-0: Called Strike
0-1: Foul Ball, location: 2F
0-2: Ball
1-2: Strikes out swinging
Batting: SHB Eddie Quinones 0-0: Ground out U3 (Groundball, 34, EV 93.8 MPH)
Batting: RHB Joel Haycock 0-0: Called Strike
0-1: Ball
1-1: Called Strike
1-2: Foul Ball, location: 2F
1-2: Ball
2-2: Strikes out looking
Bottom of the 1st over - 0 runs, 0 hits, 0 errors, 0 left on base; Los Angeles 2 - Colorado 0
TOP OF THE 2ND
Los Angeles Dodgers batting - Pitching for Colorado Rockies : RHP Colin Lancey Jr.
Batting: RHB Danny Dyer 0-0: Ball
1-0: Ball
2-0: Foul Ball, location: 2F
2-1: Ground out 5-3 (Groundball, 56S, EV 93.8 MPH)
Batting: RHB Rocky Campbell 0-0: Swinging Strike
0-1: Foul Ball, location: 2F
0-2: Strikes out looking
Batting: RHB Ben Mischnick 0-0: Ball
1-0: Foul Ball, location: 2F
1-1: Ball
2-1: Called Strike
2-2: Fly out, F9 (Line Drive, 89M, EV 101.9 MPH)
Top of the 2nd over - 0 runs, 0 hits, 0 errors, 0 left on base; Los Angeles 2 - Colorado 0
BOTTOM OF THE 2ND
Colorado Rockies batting - Pitching for Los Angeles Dodgers : RHP Chut-sai Teoh
Batting: RHB Jason Andrews 0-0: Fly out, F7 (Flyball, 7D, EV 101.2 MPH)
Batting: LHB Shawn Morrison 0-0: SINGLE (Groundball, 25, EV 65.6 MPH) (infield hit)
Batting: SHB Chris Blue 0-0: Ball
1-0: Foul Ball, location: 2F
1-1: Ball
2-1: Foul Ball, location: 2F
2-2: Strikes out swinging
Batting: RHB Henry Alvizo 0-0: Called Strike
0-1: Ground out 4-3 (Groundball, 4, EV 104.4 MPH)
Bottom of the 2nd over - 0 runs, 1 hit, 0 errors, 1 left on base; Los Angeles 2 - Colorado 0
TOP OF THE 3RD
Los Angeles Dodgers batting - Pitching for Colorado Rockies : RHP Colin Lancey Jr.
Batting: RHB Wing-kit Bu 0-0: Ball
1-0: DOUBLE (Line Drive, 78D, EV 103.8 MPH)
Batting: RHB Clay Buchanan 0-0: Called Strike
0-1: Ball
1-1: Ball
2-1: Foul Ball, location: 2F
2-2: Ball
3-2: Foul Ball, location: 2F
3-2: DOUBLE (Groundball, 5L, EV 102.5 MPH)
Wing-kit Bu scores
Batting: LHB R.J. O'Brien 0-0: Ball
1-0: Ball
2-0: 2-RUN HOME RUN (Flyball, 8LXD, EV 98.1 MPH) (Inside the Park)
Batting: SHB Shane Marcum 0-0: Called Strike
0-1: Ground out 4-3 (Groundball, 4, EV 76.9 MPH)
Batting: LHB Lirak Bazhunaishvili 0-0: Called Strike
0-1: Ground out 6-3 (Groundball, 6S, EV 88.8 MPH)
Batting: SHB Joel Baker 0-0: Ball
1-0: Called Strike
1-1: SINGLE (Groundball, 4MD, EV 99.4 MPH)
Batting: RHB Danny Dyer 0-0: Called Strike
0-1: Called Strike
0-2: Ball
1-2: Ball
2-2: Ball
3-2: Ground out 5-3 (Groundball, 56, EV 85.0 MPH)
Top of the 3rd over - 3 runs, 4 hits, 0 errors, 1 left on base; Los Angeles 5 - Colorado 0
BOTTOM OF THE 3RD
Colorado Rockies batting - Pitching for Los Angeles Dodgers : RHP Chut-sai Teoh
Batting: SHB Jon Munoz 0-0: Ball
1-0: Ball
2-0: Ball
3-0: Foul Ball, location: 2F
3-1: Base on Balls
Batting: SHB Billy Encinias 0-0: Swinging Strike
0-1: Swinging Strike
0-2: Fly out, F8 (Flyball, 8RM, EV 78.1 MPH)
Batting: LHB Freddy Troncoso 0-0: Ball
Wild Pitch!
Jon Munoz to second
1-0: Foul Ball, location: 2F
1-1: Called Strike
1-2: Strikes out swinging
Batting: SHB Eddie Quinones 0-0: Ball
1-0: Foul Ball, location: 2F
1-1: Swinging Strike
1-2: Ball
2-2: Foul Ball, location: 2F
2-2: Ball
3-2: Foul Ball, location: 2F
3-2: Strikes out swinging
Bottom of the 3rd over - 0 runs, 0 hits, 0 errors, 1 left on base; Los Angeles 5 - Colorado 0
TOP OF THE 4TH
Los Angeles Dodgers batting - Pitching for Colorado Rockies : RHP Colin Lancey Jr.
Batting: RHB Rocky Campbell 0-0: Called Strike
0-1: SINGLE (Groundball, P, EV 85.6 MPH) (infield hit)
Batting: RHB Ben Mischnick 0-0: Foul Ball, location: 2F
0-1: Ball
1-1: Ball
2-1: SINGLE (Line Drive, 9LS, EV 93.1 MPH)
Rocky Campbell to second
Runner from 2nd tries for 3rd, OUT! 9-5
Batting: RHB Wing-kit Bu 0-0: Ball
1-0: Ball
2-0: SINGLE (Groundball, 4D, EV 103.1 MPH)
Ben Mischnick to second
Runner from 2nd tries for 3rd, SAFE, throw by CF made to third
Wing-kit Bu to second
Pitching: RHP Victor Walshe
Batting: RHB Clay Buchanan 0-0: Called Strike
0-1: Called Strike
0-2: Hit by Pitch
Batting: LHB R.J. O'Brien 0-0: Called Strike
0-1: DOUBLE (Line Drive, 5D, EV 100.0 MPH)
Ben Mischnick scores
Wing-kit Bu scores
Clay Buchanan to third
Batting: SHB Shane Marcum 0-0: Foul Ball, location: 2F
0-1: Ball
1-1: Ball
2-1: Foul Ball, location: 2F
2-2: Ball
3-2: Foul Ball, location: 2F
3-2: Fly out, F7 (Flyball, 7D, EV 98.1 MPH)
Runner from 3rd tags up, SCORES, no throw by LF
Batting: LHB Lirak Bazhunaishvili 0-0: Foul Ball, location: 2F
0-1: Ball
1-1: Foul Ball, location: 2F
1-2: Foul Ball, location: 2F
1-2: Ball
2-2: Ball
3-2: Ground out U3 (Groundball, 34, EV 81.9 MPH)
Top of the 4th over - 3 runs, 4 hits, 0 errors, 1 left on base; Los Angeles 8 - Colorado 0
BOTTOM OF THE 4TH
Colorado Rockies batting - Pitching for Los Angeles Dodgers : RHP Chut-sai Teoh
Batting: RHB Joel Haycock 0-0: DOUBLE (Line Drive, 89XD, EV 100.6 MPH)
Batting: RHB Jason Andrews 0-0: Ball
1-0: SINGLE (Groundball, 56S, EV 62.5 MPH) (infield hit)
Joel Haycock to third
Batting: LHB Shawn Morrison 0-0: Ball
1-0: Ball
2-0: Ball
3-0: Called Strike
3-1: Base on Balls
Jason Andrews to second
Batting: SHB Chris Blue 0-0: Ball
1-0: Ball
2-0: Called Strike
2-1: GRAND SLAM HOME RUN (Flyball, 9D, EV 94.4 MPH), Distance : 377 ft
Batting: RHB Henry Alvizo 0-0: Ball
1-0: TRIPLE (Flyball, 78XD, EV 100.0 MPH)
Batting: SHB Jon Munoz 0-0: Ball
1-0: DOUBLE (Line Drive, 9LS, EV 99.4 MPH)
Henry Alvizo scores
Pitching: RHP Nate Allen
Batting: SHB Billy Encinias 0-0: Ball
1-0: Ball
2-0: Called Strike
2-1: Foul Ball, location: 2F
2-2: Strikes out looking
Batting: LHB Freddy Troncoso 0-0: Ball
Jon Munoz steals 3rd base
1-0: Called Strike
1-1: Fly out, F8 (Flyball, 8RM, EV 85.6 MPH)
Batting: SHB Eddie Quinones 0-0: Called Strike
0-1: Foul Ball, location: 2F
0-2: Strikes out swinging passed ball, reaches first!
Jon Munoz scores
Batting: RHB Joel Haycock 0-0: Fly out, F8 (Flyball, 8RS, EV 94.4 MPH)
Bottom of the 4th over - 6 runs, 5 hits, 0 errors, 1 left on base; Los Angeles 8 - Colorado 6
TOP OF THE 5TH
Los Angeles Dodgers batting - Pitching for Colorado Rockies : RHP Victor Walshe
Batting: SHB Joel Baker 0-0: Called Strike
0-1: Foul Ball, location: 2F
0-2: Foul Ball, location: 2F
0-2: Ball
1-2: Strikes out swinging
Batting: RHB Danny Dyer 0-0: Ground out 4-3 (Groundball, 4MS, EV 85.6 MPH)
Batting: RHB Rocky Campbell 0-0: Fly out, F8 (Line Drive, 89D, EV 95.0 MPH)
Top of the 5th over - 0 runs, 0 hits, 0 errors, 0 left on base; Los Angeles 8 - Colorado 6
BOTTOM OF THE 5TH
Colorado Rockies batting - Pitching for Los Angeles Dodgers : RHP Nate Allen
Batting: RHB Jason Andrews 0-0: Called Strike
0-1: Swinging Strike
0-2: Strikes out looking
Batting: LHB Shawn Morrison 0-0: Ball
1-0: Foul Ball, location: 2F
1-1: Foul Ball, location: 2F
1-2: Ball
2-2: Ball
3-2: Base on Balls
Batting: SHB Chris Blue 0-0: SINGLE (Line Drive, 4D, EV 95.6 MPH)
Shawn Morrison to second
Batting: RHB Henry Alvizo 0-0: Called Strike
0-1: Foul Ball, location: 2F
0-2: Ball
1-2: Ball
2-2: SINGLE (Groundball, 4M, EV 106.9 MPH) (infield hit)
Shawn Morrison to third
Chris Blue to second
Batting: SHB Jon Munoz 0-0: Swinging Strike
0-1: TRIPLE (Flyball, 78XD, EV 96.9 MPH)
Shawn Morrison scores
Chris Blue scores
Henry Alvizo scores
Batting: SHB Billy Encinias 0-0: Ground out 6-3 (Groundball, 6M, EV 100.0 MPH)
Jon Munoz scores
Batting: LHB Freddy Troncoso 0-0: Ball
1-0: Called Strike
1-1: DOUBLE (Flyball, 89D, EV 105.6 MPH)
Batting: SHB Eddie Quinones 0-0: Ball
1-0: Swinging Strike
1-1: Called Strike
1-2: Ball
2-2: Foul Ball, location: 2F
2-2: Strikes out swinging
Bottom of the 5th over - 4 runs, 4 hits, 0 errors, 1 left on base; Los Angeles 8 - Colorado 10
TOP OF THE 6TH
Los Angeles Dodgers batting - Pitching for Colorado Rockies : RHP Victor Walshe
Batting: RHB Ben Mischnick 0-0: Ground out U3 (Groundball, 34, EV 108.8 MPH)
Batting: RHB Wing-kit Bu 0-0: Called Strike
0-1: Ball
1-1: Called Strike
1-2: Ball
2-2: Strikes out swinging
Batting: RHB Clay Buchanan 0-0: Ground out 4-3 (Groundball, 4, EV 91.9 MPH)
Top of the 6th over - 0 runs, 0 hits, 0 errors, 0 left on base; Los Angeles 8 - Colorado 10
BOTTOM OF THE 6TH
Colorado Rockies batting - Pitching for Los Angeles Dodgers : RHP Nate Allen
Pitching: RHP Jon Schau
Batting: RHB Joel Haycock 0-0: Ball
1-0: SINGLE (Line Drive, 3D, EV 98.8 MPH)
Batting: RHB Jason Andrews 0-0: Ball
1-0: SINGLE (Line Drive, 9S, EV 103.8 MPH)
Joel Haycock to second
Batting: LHB Shawn Morrison 0-0: Ball
1-0: Called Strike
1-1: Called Strike
1-2: SINGLE (Groundball, 6MD, EV 95.0 MPH)
Joel Haycock to third
Jason Andrews to second
Batting: SHB Chris Blue 0-0: Foul Ball, location: 2F
0-1: Ball
1-1: Foul Ball, location: 2F
1-2: Strikes out swinging
Batting: RHB Henry Alvizo 0-0: Called Strike
0-1: SINGLE (Groundball, 4MD, EV 105.0 MPH)
Joel Haycock scores
Jason Andrews to third
Shawn Morrison to second
Runner from 3rd tries for Home, throw by CF and OUT! 8-2
Shawn Morrison to third
Henry Alvizo to second
Batting: SHB Jon Munoz 0-0: Called Strike
0-1: Ground out 3-1 (Groundball, 34, EV 81.2 MPH)
Bottom of the 6th over - 1 run, 4 hits, 0 errors, 2 left on base; Los Angeles 8 - Colorado 11
TOP OF THE 7TH
Los Angeles Dodgers batting - Pitching for Colorado Rockies : RHP Victor Walshe
Pitching: LHP Randy Rowland
Batting: LHB R.J. O'Brien 0-0: Called Strike
0-1: Ball
1-1: Called Strike
1-2: Ground out U3 (Groundball, 3, EV 85.0 MPH)
Batting: SHB Shane Marcum 0-0: Called Strike
0-1: Foul Ball, location: 2F
0-2: Strikes out swinging
Batting: LHB Lirak Bazhunaishvili 0-0: Ball
1-0: Ball
2-0: SOLO HOME RUN (Line Drive, 78XD, EV 108.8 MPH), Distance : 419 ft
Batting: SHB Joel Baker 0-0: Ball
1-0: Called Strike
1-1: Ball
2-1: Fly out, F4 (Popup, 4D, EV 56.2 MPH)
Top of the 7th over - 1 run, 1 hit, 0 errors, 0 left on base; Los Angeles 9 - Colorado 11
BOTTOM OF THE 7TH
Colorado Rockies batting - Pitching for Los Angeles Dodgers : RHP Jon Schau
Pitching: RHP Adam Bucci
Batting: SHB Billy Encinias 0-0: Ball
1-0: Called Strike
1-1: Foul Ball, location: 2F
1-2: Ball
2-2: Ball
3-2: Strikes out swinging
Batting: LHB Freddy Troncoso 0-0: Ball
1-0: Called Strike
1-1: Ball
2-1: Swinging Strike
2-2: Fly out, F6 (Popup, 6MS, EV 68.8 MPH)
Batting: SHB Eddie Quinones 0-0: Hit by Pitch
Batting: RHB Joel Haycock 0-0: Called Strike
0-1: Swinging Strike
0-2: SINGLE (Groundball, 4MD, EV 100.0 MPH)
Eddie Quinones to second
Batting: RHB Jason Andrews 0-0: Ball
1-0: Ball
2-0: Ball
3-0: Base on Balls
Eddie Quinones to third
Joel Haycock to second
Batting: LHB Shawn Morrison 0-0: Called Strike
0-1: Ball
1-1: Swinging Strike
1-2: SINGLE (Flyball, 34D, EV 96.9 MPH)
Eddie Quinones scores
Joel Haycock to third
Jason Andrews to second
Runner from 3rd tries for Home, SAFE, throw by RF to home
Batting: SHB Chris Blue 0-0: Foul Ball, location: 2F
0-1: Swinging Strike
0-2: Ball
1-2: Strikes out swinging
Bottom of the 7th over - 2 runs, 2 hits, 0 errors, 2 left on base; Los Angeles 9 - Colorado 13
TOP OF THE 8TH
Los Angeles Dodgers batting - Pitching for Colorado Rockies : LHP Randy Rowland
Batting: RHB Danny Dyer 0-0: Called Strike
0-1: Called Strike
0-2: Ball
1-2: Ball
2-2: Strikes out swinging, 2-3 out at first.
Batting: RHB Rocky Campbell 0-0: Ball
1-0: Called Strike
1-1: Called Strike
1-2: Strikes out looking
Batting: RHB Ben Mischnick 0-0: Fly out, F9 (Flyball, 9LM, EV 84.4 MPH)
Top of the 8th over - 0 runs, 0 hits, 0 errors, 0 left on base; Los Angeles 9 - Colorado 13
BOTTOM OF THE 8TH
Colorado Rockies batting - Pitching for Los Angeles Dodgers : RHP Adam Bucci
Pitching: RHP Bo Chia
Batting: RHB Henry Alvizo 0-0: Called Strike
0-1: Swinging Strike
0-2: Strikes out swinging
Batting: SHB Jon Munoz 0-0: Called Strike
0-1: Ball
1-1: Ball
2-1: Foul Ball, location: 2F
2-2: Ball
3-2: DOUBLE (Flyball, 8LXD, EV 101.2 MPH)
Batting: SHB Billy Encinias 0-0: Foul Ball, location: 2F
0-1: Ground out 4-3 (Groundball, 4S, EV 84.4 MPH)
Jon Munoz to third
Batting: LHB Freddy Troncoso 0-0: Foul Ball, location: 2F
0-1: Ball
1-1: Foul Ball, location: 2F
1-2: SINGLE (Groundball, 6MD, EV 90.0 MPH) (infield hit)
Jon Munoz scores
Batting: SHB Eddie Quinones 0-0: Ball
1-0: 2-RUN HOME RUN (Flyball, 9LD, EV 91.9 MPH), Distance : 358 ft
Batting: RHB Joel Haycock 0-0: Foul Ball, location: 2F
0-1: SINGLE (Line Drive, 8LS, EV 106.2 MPH)
Batting: RHB Jason Andrews 0-0: Foul Ball, location: 2F
0-1: Foul Ball, location: 2F
0-2: Strikes out swinging
Bottom of the 8th over - 3 runs, 4 hits, 0 errors, 1 left on base; Los Angeles 9 - Colorado 16
TOP OF THE 9TH
Los Angeles Dodgers batting - Pitching for Colorado Rockies : LHP Randy Rowland
Batting: RHB Wing-kit Bu 0-0: Called Strike
0-1: Fly out, F6 (Line Drive, 6D, EV 66.9 MPH)
Batting: RHB Clay Buchanan 0-0: Swinging Strike
0-1: Ball
1-1: Fly out, F9 (Flyball, 8RD, EV 77.5 MPH)
Pinch Hitting: LHB Juan Concepcion 0-0: Called Strike
0-1: Ball
1-1: Ball
2-1: Ball
3-1: Foul Ball, location: 2F
3-2: Strikes out swinging
Top of the 9th over - 0 runs, 0 hits, 0 errors, 0 left on base; Los Angeles 9 - Colorado 16
Thursday, December 15th , 2022 - OOTP Baseball 23.9 Build 102